| TOP OF THE 1ST |
|
Elizabethton Twins batting - Pitching for Seattle (APP) Mariners : RHP Mario Mata
|
|
Pitching: RHP Mario Mata
|
|
|
Batting: SHB Nadhir Umayr
|
0-0: Foul Ball, location: 2F 0-1: Ground out 4-3 (Groundball, 4, EV 87.5 MPH)
|
|
Batting: RHB Ryan Starks
|
0-0: Called Strike 0-1: Ball 1-1: Fly out, F6 (Popup, P, EV 71.2 MPH)
|
|
Batting: RHB Josh Harmon
|
0-0: Ball 1-0: Ball 2-0: Ball 3-0: Foul Ball, location: 2F 3-1: Called Strike 3-2: Base on Balls
|
|
Batting: LHB David Ramos
|
0-0: Ball Josh Harmon is caught stealing 2nd base 2-6
|
| Top of the 1st over - 0 runs, 0 hits, 0 errors, 0 left on base; Elizabethton 0 - Seattle (APP) 0 |
| BOTTOM OF THE 1ST |
|
Seattle (APP) Mariners batting - Pitching for Elizabethton Twins : RHP Matt Parsons
|
|
Pitching: RHP Matt Parsons
|
|
|
Batting: RHB Chris Van Niel
|
0-0: Ball 1-0: Foul Ball, location: 2F 1-1: Foul Ball, location: 2F 1-2: Ground out 6-3 (Groundball, 6, EV 103.1 MPH)
|
|
Batting: RHB Nick Edmunds
|
0-0: Ball 1-0: Foul Ball, location: 2F 1-1: Ball 2-1: SOLO HOME RUN (Flyball, 78XD, EV 104.4 MPH), Distance : 410 ft
|
|
Batting: SHB Carlos Luna
|
0-0: Ball 1-0: Foul Ball, location: 2F 1-1: Foul Ball, location: 2F 1-2: Ground out U3 (Groundball, 3L, EV 95.6 MPH)
|
|
Batting: LHB Prince Nunley
|
0-0: Called Strike 0-1: SINGLE (Line Drive, 6M, EV 95.0 MPH)
|
|
Batting: RHB Nick Ellis
|
0-0: Ball 1-0: Called Strike 1-1: Swinging Strike 1-2: Foul Ball, location: 2F 1-2: Ball 2-2: Ball 3-2: DOUBLE (Groundball, 5L, EV 101.9 MPH) Prince Nunley to third Prince Nunley scores
|
|
Batting: RHB Carlton McDonald
|
0-0: Called Strike 0-1: Foul Ball, location: 2F 0-2: Strikes out swinging
|
| Bottom of the 1st over - 2 runs, 3 hits, 0 errors, 1 left on base; Elizabethton 0 - Seattle (APP) 2 |
| TOP OF THE 2ND |
|
Elizabethton Twins batting - Pitching for Seattle (APP) Mariners : RHP Mario Mata
|
|
Batting: LHB David Ramos
|
0-0: Ball 1-0: Foul Ball, location: 2F 1-1: Foul Ball, location: 2F 1-2: Ball 2-2: Ball 3-2: Foul Ball, location: 2F 3-2: Base on Balls
|
|
Batting: RHB Kenny Reynolds
|
0-0: Called Strike David Ramos steals 2nd base 0-1: Ground out 6-3 (Groundball, 6, EV 110.0 MPH)
|
|
Batting: SHB Ed Mosqueda
|
0-0: Ball 1-0: Ball 2-0: Ball 3-0: Base on Balls
|
|
Batting: RHB Hisao Takei
|
0-0: Ball Passed Ball! David Ramos to third Ed Mosqueda to second 1-0: Ball 2-0: Called Strike 2-1: Swinging Strike 2-2: Strikes out swinging
|
|
Batting: LHB Joey Zamora
|
0-0: Ball 1-0: Called Strike 1-1: Ball 2-1: Swinging Strike 2-2: Strikes out swinging
|
| Top of the 2nd over - 0 runs, 0 hits, 0 errors, 2 left on base; Elizabethton 0 - Seattle (APP) 2 |
| BOTTOM OF THE 2ND |
|
Seattle (APP) Mariners batting - Pitching for Elizabethton Twins : RHP Matt Parsons
|
|
Batting: RHB Joaquin Salazar
|
0-0: Foul Ball, location: 2F 0-1: Foul Ball, location: 2F 0-2: Ball 1-2: Strikes out looking
|
|
Batting: LHB Yoshihisa Kobayashi
|
0-0: Fly out, F5 (Popup, 5SF, EV 84.4 MPH)
|
|
Batting: RHB Josh Carpenter
|
0-0: Called Strike 0-1: Foul Ball, location: 2F 0-2: Ball 1-2: Ball 2-2: Foul Ball, location: 2F 2-2: Ball 3-2: Fly out, F8 (Flyball, 89M, EV 96.2 MPH)
|
| Bottom of the 2nd over - 0 runs, 0 hits, 0 errors, 0 left on base; Elizabethton 0 - Seattle (APP) 2 |
| TOP OF THE 3RD |
|
Elizabethton Twins batting - Pitching for Seattle (APP) Mariners : RHP Mario Mata
|
|
Batting: LHB Raul Aldaz
|
0-0: Foul Ball, location: 2F 0-1: Ball 1-1: Reached on error, E4 (Groundball, 4, EV 102.5 MPH)
|
|
Batting: SHB Nadhir Umayr
|
0-0: Ball 1-0: Foul Ball, location: 2F 1-1: Foul Ball, location: 2F 1-2: SINGLE (Groundball, 4MD, EV 105.6 MPH) Raul Aldaz to second
|
|
Batting: RHB Ryan Starks
|
0-0: Ball 1-0: 3-RUN HOME RUN (Flyball, 7D, EV 95.6 MPH), Distance : 363 ft
|
|
Batting: RHB Josh Harmon
|
0-0: Ball 1-0: Foul Ball, location: 2F 1-1: Ball 2-1: Foul Ball, location: 2F 2-2: Foul Ball, location: 2F 2-2: Foul Ball, location: 2F 2-2: Ball 3-2: Foul Ball, location: 2F 3-2: Strikes out swinging
|
|
Batting: LHB David Ramos
|
0-0: Fly out, F7 (Flyball, 7S, EV 89.4 MPH)
|
|
Batting: RHB Kenny Reynolds
|
0-0: Foul Ball, location: 2F 0-1: Swinging Strike 0-2: Foul Ball, location: 2F 0-2: Ball 1-2: SINGLE (Line Drive, 8LS, EV 86.2 MPH)
|
|
Batting: SHB Ed Mosqueda
|
0-0: Ball 1-0: Called Strike 1-1: Foul Ball, location: 2F 1-2: Fielders Choice at 2nd, 5-4 (Groundball, 5L, EV 83.1 MPH)
|
| Top of the 3rd over - 3 runs, 3 hits, 1 error, 1 left on base; Elizabethton 3 - Seattle (APP) 2 |
| BOTTOM OF THE 3RD |
|
Seattle (APP) Mariners batting - Pitching for Elizabethton Twins : RHP Matt Parsons
|
|
Batting: RHB Chris Van Niel
|
0-0: Swinging Strike 0-1: Ball 1-1: Ball 2-1: Ground out 5-3 (Groundball, 5, EV 83.1 MPH)
|
|
Batting: RHB Nick Edmunds
|
0-0: Swinging Strike 0-1: Ball 1-1: Called Strike 1-2: Ball 2-2: Foul Ball, location: 2F 2-2: Ball 3-2: Fly out, F7 (Flyball, 7LSF, EV 91.2 MPH)
|
|
Batting: SHB Carlos Luna
|
0-0: Ball 1-0: Ball 2-0: Called Strike 2-1: Ball 3-1: Reached on error, E4 (Groundball, 4, EV 101.9 MPH)
|
|
Batting: LHB Prince Nunley
|
0-0: Ball Passed Ball! Carlos Luna to second 1-0: Called Strike 1-1: Ball 2-1: Swinging Strike 2-2: Strikes out swinging
|
| Bottom of the 3rd over - 0 runs, 0 hits, 1 error, 1 left on base; Elizabethton 3 - Seattle (APP) 2 |
| TOP OF THE 4TH |
|
Elizabethton Twins batting - Pitching for Seattle (APP) Mariners : RHP Mario Mata
|
|
Batting: RHB Hisao Takei
|
0-0: Called Strike 0-1: Ball 1-1: Ball 2-1: Ball 3-1: Base on Balls
|
|
Batting: LHB Joey Zamora
|
0-0: Fielders Choice at 2nd, 3-6 (Groundball, 34S, EV 78.1 MPH)
|
|
Batting: LHB Raul Aldaz
|
0-0: Swinging Strike 0-1: Fielders Choice at 2nd, 4-6 (Groundball, 4, EV 95.6 MPH)
|
|
Batting: SHB Nadhir Umayr
|
0-0: Foul Ball, location: 2F 0-1: Swinging Strike 0-2: Strikes out looking
|
| Top of the 4th over - 0 runs, 0 hits, 0 errors, 1 left on base; Elizabethton 3 - Seattle (APP) 2 |
| BOTTOM OF THE 4TH |
|
Seattle (APP) Mariners batting - Pitching for Elizabethton Twins : RHP Matt Parsons
|
|
Batting: RHB Nick Ellis
|
0-0: Called Strike 0-1: Ball 1-1: Ball 2-1: Ball 3-1: Foul Ball, location: 2F 3-2: Foul Ball, location: 2F 3-2: Strikes out swinging
|
|
Batting: RHB Carlton McDonald
|
0-0: Called Strike 0-1: Swinging Strike 0-2: Ball 1-2: SOLO HOME RUN (Flyball, 89XD, EV 107.5 MPH), Distance : 411 ft
|
|
Batting: RHB Joaquin Salazar
|
0-0: Ball 1-0: Ball 2-0: SINGLE (Groundball, 5L, EV 104.4 MPH)
|
|
Batting: LHB Yoshihisa Kobayashi
|
0-0: Called Strike Joaquin Salazar is caught stealing 2nd base 2-6 0-1: Foul Ball, location: 2F 0-2: Foul Ball, location: 2F 0-2: Ball 1-2: Ball 2-2: SOLO HOME RUN (Flyball, 9D, EV 95.0 MPH), Distance : 376 ft
|
|
Batting: RHB Josh Carpenter
|
0-0: Called Strike 0-1: SOLO HOME RUN (Flyball, 78XD, EV 101.9 MPH), Distance : 412 ft
|
|
Pitching: RHP Takeru Inoue
|
|
|
Batting: RHB Chris Van Niel
|
0-0: Swinging Strike 0-1: Ball 1-1: Called Strike 1-2: SINGLE (Line Drive, 4MD, EV 100.0 MPH)
|
|
Batting: RHB Nick Edmunds
|
0-0: Foul Ball, location: 2F 0-1: Ball 1-1: SINGLE (Groundball, 6MD, EV 98.8 MPH) Chris Van Niel to second Runner from 2nd tries for 3rd, SAFE, throw by CF made to third
|
|
Batting: SHB Carlos Luna
|
0-0: Called Strike 0-1: Swinging Strike 0-2: Strikes out swinging
|
| Bottom of the 4th over - 3 runs, 6 hits, 0 errors, 2 left on base; Elizabethton 3 - Seattle (APP) 5 |
| TOP OF THE 5TH |
|
Elizabethton Twins batting - Pitching for Seattle (APP) Mariners : RHP Mario Mata
|
|
Batting: RHB Ryan Starks
|
0-0: Called Strike 0-1: Ball 1-1: Ball 2-1: Called Strike 2-2: Fly out, F9 (Flyball, 9, EV 91.9 MPH)
|
|
Batting: RHB Josh Harmon
|
0-0: Ball 1-0: Called Strike 1-1: Swinging Strike 1-2: Foul Ball, location: 2F 1-2: SINGLE (Groundball, 6D, EV 105.0 MPH)
|
|
Batting: LHB David Ramos
|
0-0: Ball 1-0: Called Strike 1-1: Reached on error, E3 (Groundball, 3, EV 83.8 MPH) Josh Harmon to second
|
|
Batting: RHB Kenny Reynolds
|
0-0: Ball 1-0: Foul Ball, location: 2F 1-1: Called Strike 1-2: Foul Ball, location: 2F 1-2: Ball 2-2: Ball 3-2: Base on Balls Josh Harmon to third David Ramos to second
|
|
Batting: SHB Ed Mosqueda
|
0-0: Ball 1-0: Swinging Strike 1-1: Swinging Strike 1-2: Ball 2-2: Strikes out looking
|
|
Pitching: RHP Frank Cabrera
|
|
|
Batting: RHB Hisao Takei
|
0-0: Foul Ball, location: 2F 0-1: Called Strike 0-2: Foul Ball, location: 2F 0-2: Ball 1-2: Ball 2-2: Ball 3-2: Base on Balls Josh Harmon scores David Ramos to third Kenny Reynolds to second
|
|
Batting: LHB Joey Zamora
|
0-0: Ball 1-0: SINGLE (Groundball, 4S, EV 61.9 MPH) (infield hit) David Ramos scores Kenny Reynolds to third Hisao Takei to second
|
|
Pinch Hitting: LHB Diego Gutierres
|
0-0: Ball 1-0: Ball 2-0: SINGLE (Line Drive, 4MD, EV 97.5 MPH) Kenny Reynolds scores Hisao Takei to third Joey Zamora to second
|
|
Batting: SHB Nadhir Umayr
|
0-0: Ball 1-0: Swinging Strike 1-1: Foul Ball, location: 2F 1-2: Ball Wild Pitch! Hisao Takei scores Joey Zamora to third Diego Gutierres to second Balk! Joey Zamora scores Diego Gutierres to third 2-2: Ball 3-2: Base on Balls
|
|
Pitching: RHP Victor Ocampo
|
|
|
Batting: RHB Ryan Starks
|
0-0: Ball 1-0: Fly out, F5 (Flyball, 5D, EV 95.0 MPH)
|
| Top of the 5th over - 5 runs, 3 hits, 1 error, 2 left on base; Elizabethton 8 - Seattle (APP) 5 |
| BOTTOM OF THE 5TH |
|
Seattle (APP) Mariners batting - Pitching for Elizabethton Twins : RHP Takeru Inoue
|
|
Now in CF: Nestor Moreno
|
|
|
Batting: LHB Prince Nunley
|
0-0: Ball 1-0: Ball 2-0: SINGLE (Groundball, 13S, EV 77.5 MPH) (infield hit)
|
|
Batting: RHB Nick Ellis
|
0-0: Ball 1-0: Called Strike 1-1: Called Strike 1-2: Strikes out swinging
|
|
Batting: RHB Carlton McDonald
|
0-0: Fly out, F8 (Flyball, 78D, EV 81.2 MPH)
|
|
Batting: RHB Joaquin Salazar
|
0-0: Foul Ball, location: 2F 0-1: Ball 1-1: Foul Ball, location: 2F 1-2: Ball 2-2: Strikes out swinging wild pitch, reaches first! Prince Nunley to second
|
|
Batting: LHB Yoshihisa Kobayashi
|
0-0: Ball 1-0: Ball 2-0: Ball 3-0: Base on Balls Prince Nunley to third Joaquin Salazar to second
|
|
Batting: RHB Josh Carpenter
|
0-0: Called Strike 0-1: Ball 1-1: Ball 2-1: Swinging Strike 2-2: Ball 3-2: Strikes out swinging
|
| Bottom of the 5th over - 0 runs, 1 hit, 0 errors, 3 left on base; Elizabethton 8 - Seattle (APP) 5 |
| TOP OF THE 6TH |
|
Elizabethton Twins batting - Pitching for Seattle (APP) Mariners : RHP Victor Ocampo
|
|
Batting: RHB Josh Harmon
|
0-0: Ball 1-0: Called Strike 1-1: Foul Ball, location: 2F 1-2: Ball 2-2: Ball 3-2: Foul Ball, location: 2F 3-2: Fly out, F9 (Flyball, 9LD, EV 105.0 MPH)
|
|
Batting: LHB David Ramos
|
0-0: Called Strike 0-1: Ball 1-1: Ball 2-1: Ball 3-1: Swinging Strike 3-2: Base on Balls
|
|
Batting: RHB Kenny Reynolds
|
0-0: Called Strike David Ramos steals 2nd base 0-1: Swinging Strike 0-2: Ball 1-2: Ball 2-2: Ball 3-2: 2-RUN HOME RUN (Line Drive, 9LD, EV 94.4 MPH), Distance : 342 ft
|
|
Pitching: RHP Eric Dixon
|
|
|
Batting: SHB Ed Mosqueda
|
0-0: Ball 1-0: Ball 2-0: Ball 3-0: Called Strike 3-1: Foul Ball, location: 2F 3-2: Strikes out swinging
|
|
Batting: RHB Hisao Takei
|
0-0: Called Strike 0-1: Foul Ball, location: 2F 0-2: SOLO HOME RUN (Flyball, 78XD, EV 98.8 MPH), Distance : 399 ft
|
|
Batting: LHB Joey Zamora
|
0-0: SOLO HOME RUN (Line Drive, 89XD, EV 103.1 MPH), Distance : 404 ft
|
|
Batting: RHB Nestor Moreno
|
0-0: Ball 1-0: Foul Ball, location: 2F 1-1: Called Strike 1-2: Ball 2-2: Strikes out swinging
|
| Top of the 6th over - 4 runs, 3 hits, 0 errors, 0 left on base; Elizabethton 12 - Seattle (APP) 5 |
| BOTTOM OF THE 6TH |
|
Seattle (APP) Mariners batting - Pitching for Elizabethton Twins : RHP Takeru Inoue
|
|
Pitching: RHP Takeshi Kusanagi
|
|
|
Batting: RHB Chris Van Niel
|
0-0: Called Strike 0-1: Ball 1-1: Ball 2-1: Ball 3-1: Base on Balls
|
|
Batting: RHB Nick Edmunds
|
0-0: Called Strike 0-1: Ball 1-1: Called Strike 1-2: Fly out, F3 (Line Drive, 34, EV 66.2 MPH) Lined into DP, U3 (Line Drive, 34, EV 69.4 MPH)
|
|
Batting: SHB Carlos Luna
|
0-0: Ball 1-0: Foul Ball, location: 2F 1-1: Ground out 4-3 (Groundball, 4M, EV 101.9 MPH)
|
| Bottom of the 6th over - 0 runs, 0 hits, 0 errors, 0 left on base; Elizabethton 12 - Seattle (APP) 5 |
| TOP OF THE 7TH |
|
Elizabethton Twins batting - Pitching for Seattle (APP) Mariners : RHP Eric Dixon
|
|
Batting: SHB Nadhir Umayr
|
0-0: Called Strike 0-1: Ground out 3-1 (Groundball, 13, EV 88.8 MPH)
|
|
Batting: RHB Ryan Starks
|
0-0: Ball 1-0: Foul Ball, location: 2F 1-1: Fly out, F8 (Flyball, 89S, EV 88.8 MPH)
|
|
Pitching: RHP Domingo Maldonado
|
|
|
Batting: RHB Josh Harmon
|
0-0: Swinging Strike 0-1: Ball 1-1: Ball 2-1: Foul Ball, location: 2F 2-2: SINGLE (Line Drive, 6D, EV 98.1 MPH)
|
|
Batting: LHB David Ramos
|
0-0: Fielders Choice at 2nd, 6-4 (Groundball, 6, EV 95.6 MPH)
|
| Top of the 7th over - 0 runs, 1 hit, 0 errors, 1 left on base; Elizabethton 12 - Seattle (APP) 5 |
| BOTTOM OF THE 7TH |
|
Seattle (APP) Mariners batting - Pitching for Elizabethton Twins : RHP Takeshi Kusanagi
|
|
Batting: LHB Prince Nunley
|
0-0: Ball 1-0: Ball 2-0: Foul Ball, location: 2F 2-1: Ball 3-1: Foul Ball, location: 2F 3-2: Strikes out swinging
|
|
Batting: RHB Nick Ellis
|
0-0: Foul Ball, location: 2F 0-1: Swinging Strike 0-2: Ball 1-2: Ball 2-2: Foul Ball, location: 2F 2-2: Ground out 6-3 (Groundball, 6, EV 83.8 MPH)
|
|
Batting: RHB Perry Renouf
|
0-0: Ball 1-0: Ball 2-0: Fly out, F9 (Flyball, 9D, EV 104.4 MPH)
|
| Bottom of the 7th over - 0 runs, 0 hits, 0 errors, 0 left on base; Elizabethton 12 - Seattle (APP) 5 |
| TOP OF THE 8TH |
|
Elizabethton Twins batting - Pitching for Seattle (APP) Mariners : RHP Domingo Maldonado
|
|
Batting: RHB Kenny Reynolds
|
0-0: Ball 1-0: Foul Ball, location: 2F 1-1: Foul Ball, location: 2F 1-2: Foul Ball, location: 2F 1-2: Strikes out looking
|
|
Batting: SHB Ed Mosqueda
|
0-0: Called Strike 0-1: Ball 1-1: Ball 2-1: SOLO HOME RUN (Flyball, 89XD, EV 98.8 MPH), Distance : 409 ft
|
|
Batting: RHB Hisao Takei
|
0-0: Swinging Strike 0-1: Ball 1-1: Ball 2-1: Ball 3-1: Base on Balls
|
|
Pitching: LHP Will Creelman
|
|
|
Batting: LHB Joey Zamora
|
0-0: Ball 1-0: Foul Ball, location: 2F 1-1: Fly out, F9 (Line Drive, 9LM, EV 100.6 MPH)
|
|
Pinch Hitting: LHB Bill Lorimer
|
0-0: Swinging Strike 0-1: Ball 1-1: Foul Ball, location: 2F 1-2: Foul Ball, location: 2F 1-2: 2-RUN HOME RUN (Flyball, 9D, EV 94.4 MPH), Distance : 361 ft
|
|
Batting: SHB Nadhir Umayr
|
0-0: Called Strike 0-1: SINGLE (Line Drive, 6D, EV 95.6 MPH)
|
|
Batting: RHB Ryan Starks
|
0-0: Ball 1-0: Called Strike 1-1: Ball 2-1: Ball 3-1: Base on Balls Nadhir Umayr to second
|
|
Batting: RHB Josh Harmon
|
0-0: Ball 1-0: Ball 2-0: Ball 3-0: Base on Balls Nadhir Umayr to third Ryan Starks to second
|
|
Pitching: RHP Ruben Mendoza
|
|
|
Batting: LHB David Ramos
|
0-0: Foul Ball, location: 2F 0-1: Ball 1-1: Fly out, F8 (Line Drive, 8RD, EV 96.2 MPH)
|
| Top of the 8th over - 3 runs, 3 hits, 0 errors, 3 left on base; Elizabethton 15 - Seattle (APP) 5 |
| BOTTOM OF THE 8TH |
|
Seattle (APP) Mariners batting - Pitching for Elizabethton Twins : RHP Takeshi Kusanagi
|
|
Now in CF: Bill Lorimer
|
|
|
Batting: RHB Joaquin Salazar
|
0-0: Ball 1-0: Ball 2-0: Ball 3-0: Base on Balls
|
|
Pitching: RHP Miguel Montelongo
|
|
|
Batting: LHB Yoshihisa Kobayashi
|
0-0: Foul Ball, location: 2F 0-1: Swinging Strike 0-2: Foul Ball, location: 2F 0-2: Ball 1-2: Strikes out looking
|
|
Batting: RHB Josh Carpenter
|
0-0: Ball 1-0: Called Strike 1-1: Swinging Strike 1-2: Strikes out looking
|
|
Batting: RHB Chris Van Niel
|
0-0: 2-RUN HOME RUN (Flyball, 7D, EV 97.5 MPH), Distance : 375 ft
|
|
Batting: RHB Nick Edmunds
|
0-0: Foul Ball, location: 2F 0-1: Ball 1-1: Reached on error, E5 (Groundball, 56S, EV 84.4 MPH)
|
|
Batting: SHB Carlos Luna
|
0-0: Called Strike 0-1: Ball 1-1: Ground out U3 (Groundball, 3S, EV 68.8 MPH)
|
| Bottom of the 8th over - 2 runs, 1 hit, 1 error, 1 left on base; Elizabethton 15 - Seattle (APP) 7 |
| TOP OF THE 9TH |
|
Elizabethton Twins batting - Pitching for Seattle (APP) Mariners : RHP Ruben Mendoza
|
|
Batting: RHB Kenny Reynolds
|
0-0: Ball 1-0: Foul Ball, location: 2F 1-1: Swinging Strike 1-2: Foul Ball, location: 2F 1-2: Ball 2-2: Hit by Pitch
|
|
Batting: SHB Ed Mosqueda
|
0-0: Fielders Choice at 2nd, 6-4 (Groundball, 6, EV 84.4 MPH)
|
|
Pinch Hitting: LHB George Roben
|
0-0: Ball 1-0: Called Strike 1-1: Ball 2-1: Ball 3-1: Base on Balls Ed Mosqueda to second
|
|
Batting: LHB Joey Zamora
|
0-0: Swinging Strike 0-1: Called Strike 0-2: Ball 1-2: Strikes out swinging
|
|
Batting: LHB Bill Lorimer
|
0-0: Called Strike 0-1: Ball 1-1: Foul Ball, location: 2F 1-2: Strikes out swinging
|
| Top of the 9th over - 0 runs, 0 hits, 0 errors, 2 left on base; Elizabethton 15 - Seattle (APP) 7 |
| BOTTOM OF THE 9TH |
|
Seattle (APP) Mariners batting - Pitching for Elizabethton Twins : RHP Miguel Montelongo
|
|
Now at C: Wil Patterson
|
|
|
Batting: LHB Prince Nunley
|
0-0: Called Strike 0-1: Ball 1-1: Foul Ball, location: 2F 1-2: Fly out, F6 (Popup, 6M, EV 61.9 MPH)
|
|
Pitching: LHP Choji Tominaga
|
|
|
Batting: RHB Nick Ellis
|
0-0: Called Strike 0-1: Ball 1-1: Foul Ball, location: 2F 1-2: Strikes out swinging
|
|
Batting: RHB John Vasquez
|
0-0: Called Strike 0-1: Fly out, F9 (Flyball, 9, EV 86.9 MPH)
|
| Bottom of the 9th over - 0 runs, 0 hits, 0 errors, 0 left on base; Elizabethton 15 - Seattle (APP) 7 |
|